 Dungeon Crawl Stone Soup version 0.27.1-33-g824d729ab1 (webtiles) character file.

Game seed: 9304473023859827544

285 Gabide the Poker (level 6, -2/48 HPs)
             Began as a Human Monk on Dec 15, 2021.
             Killed by divine providence
             ... invoked by an orc priest
              (12 damage)
             ... on level 4 of the Dungeon.
             The game lasted 00:06:06 (3807 turns).

Gabide the Poker (Human Monk)                       Turns: 3807, Time: 00:06:08

Health: -2/48      AC:  7    Str: 13    XL:     6   Next: 55%
Magic:  15/15      EV: 12    Int: 10    God:
Gold:   98         SH:  0    Dex: 16    Spells: 5/5 levels left

rFire    + . .     SeeInvis .   o - +0 trident
rCold    . . .     Faith    .   (no shield)
rNeg     . . .     Spirit   .   e - +1 ring mail
rPois    .         Reflect  .   (no helmet)
rElec    .         Harm     .   d - scarf {repulsion}
rCorr    .         Rampage  .   f - +0 pair of gloves
Will     .....                  (no boots)
Stlth    ++........             b - amulet of regeneration
HPRegen  1.16/turn              i - ring of protection from fire
MPRegen  0.14/turn              a - ring of magical power

@: repel missiles
A: no striking features
a: no special abilities


You were on level 4 of the Dungeon.
You visited 1 branch of the dungeon, and saw 4 of its levels.

You collected 98 gold pieces.

Inventory:

Hand Weapons
 o - a +0 trident (weapon)
Missiles
 m - 7 boomerangs of dispersal (quivered)
 p - 8 javelins
Armour
 d - a scarf of repulsion (worn)
 e - a +1 ring mail (worn)
 f - a +0 pair of gloves (worn)
Jewellery
 a - a ring of magical power (right hand)
 b - an amulet of regeneration (around neck)
 i - a ring of protection from fire (left hand)
 n - an amulet of the acrobat
Scrolls
 l - 2 scrolls of teleportation
 q - a scroll of torment {unknown}
 r - a scroll of magic mapping
Potions
 g - a potion of heal wounds {unknown}
 j - a potion of curing {unknown}
 k - a potion of lignification {unknown}


   Skills:
 + Level 4.0 Fighting
 + Level 5.0 Polearms
 + Level 1.9 Armour
 + Level 3.7 Dodging
 + Level 2.8 Stealth


You had 5 spell levels left.
You didn't know any spells.
Your spell library contained the following spells:

 Spells                   Type           Power      Damage    Failure   Level
 Dazzling Flash           Conj/Hex       0%         N/A       94%         3
 Agony                    Necr           0%         N/A       100%        5
 Blade Hands              Tmut           0%         N/A       100%        5
 Irradiate                Conj/Tmut      0%         3d14      100%        5
 Silence                  Hex/Air        0%         N/A       100%        5
 Dragon Form              Tmut           0%         N/A       100%        7


Dungeon Overview and Level Annotations

Branches:
Dungeon (4/15)
 Temple: D:4-7

Altars:


Message History

You are too injured to fight recklessly!
You are too injured to fight recklessly!
You are too injured to fight recklessly!
You are too injured to fight recklessly!
You are too injured to fight recklessly!
You are too injured to fight recklessly!
You are too injured to fight recklessly!
You are too injured to fight recklessly!
You are too injured to fight recklessly!
You are too injured to fight recklessly!
You are too injured to fight recklessly!
You closely miss the orc priest.
The orc priest is heavily wounded.
The orc priest closely misses you. The orc hits you with a +0 mace.
The orc completely misses you.
You hit the orc priest but do no damage.
The orc priest is heavily wounded.
The orc priest hits you but does no damage.
You are electrocuted!
* * * LOW HITPOINT WARNING * * *
The orc hits you with a +0 mace.
* * * LOW HITPOINT WARNING * * *
The orc hits you but does no damage.
Press: ? - help, v - describe, . - travel
Here: an orc priest, wielding a +1 dagger of electrocution and wearing a +0 leather armour (heavily wounded)
The floor, spattered with blood.
Unknown command.
Okay, then.
Okay, then.
It was a potion of brilliance.
You feel clever all of a sudden. The orc priest barely misses you.
The orc barely misses you. The orc misses you.
It was a potion of cancellation.
Your magical effects are unravelling.
You feel magically purged.
You feel a little less clever now.
The orc priest mumbles some strange prayers to Beogh against you.
Beogh smites you!
You die...

##.. ........... #.##.
##... ............##....
.#.... ..................
......##.................
#......#.......#.>.......
..........##........##.##
..........#....##......##
#....)oo.......#......#.
##....o@....#..##.......
#...........##........#.
#....$.....##)........##
#..........[.†....#....##
#...............#....####
###.#.........########
#####........# ##.......#
#....####


You could see an orc priest and 2 orcs.

Vanquished Creatures
  A phantom (D:3)
  A centaur zombie (D:4)
  2 orc wizards (D:3)
  Robin (D:2)
  3 adders
  A worm (D:4)
  2 dart slugs
  11 orcs
  3 bats
  2 endoplasms (D:1)
  14 goblins
  10 hobgoblins
  3 kobolds
  2 quokkas (D:1)
  7 ball pythons
  A frilled lizard (D:2)
  8 rats
72 creatures vanquished.

Notes
Turn   | Place    | Note
-------+----------+-------------------------------------------
     0 | D:1      | Gabide the Human Monk began the quest for the Orb.
     0 | D:1      | Reached XP level 1. HP: 18/18 MP: 1/1
   307 | D:1      | Reached XP level 2. HP: 24/24 MP: 2/2
   742 | D:1      | Reached XP level 3. HP: 25/29 MP: 3/3
  1612 | D:2      | You fall into a shaft and drop 1 floor!
  1697 | D:2      | Found a faded altar of an unknown god.
  1746 | D:2      | Noticed Robin
  1772 | D:2      | Killed Robin
  1773 | D:2      | Reached XP level 4. HP: 35/35 MP: 4/4
  2384 | D:3      | Noticed a phantom
  2424 | D:3      | Killed a phantom
  2425 | D:3      | Reached skill level 4 in Polearms
  2425 | D:3      | Reached skill level 1 in Armour
  2425 | D:3      | Reached XP level 5. HP: 18/42 MP: 5/5
  3183 | D:3      | Reached XP level 6. HP: 48/48 MP: 6/6
  3782 | D:4      | Reached skill level 5 in Polearms
  3807 | D:4      | Killed from afar by an orc priest

Illustrated notes

Levels and vault maps discovered:
D:1:      dpeg_arrival_round_b, layout_basic, minmay_tripent
D:2:      layout_basic, shapermc_ecumenical_altar_mp_urbaneastern, uniq_robin
D:3:      layout_loops_ring, grunt_decor_resistance
D:4:      layout_cave_pools, minmay_temple_entry_arrows

Skill      XL: |  1  2  3  4  5  6 |
---------------+-------------------+-----
Polearms       | 4 5 |  5.0
Armour         | 1 |  1.9
Fighting       | 4 |  4.0
Dodging        | |  3.7
Stealth        | |  2.8

Action                   |  1- 3 |  4- 6 || total
-------------------------+-------+-------++-------
Melee: Spear             |   140 |    43 ||   183
       Trident           |       |   159 ||   159
  Use: Scroll            |     3 |     1 ||     4
       Potion            |     1 |     2 ||     3
 Stab: Sleeping          |     7 |     3 ||    10
Armor: Robe              |    10 |       ||    10
       Ring mail         |    28 |    86 ||   114
Dodge: Dodged            |    55 |    97 ||   152
       Repelled          |     1 |     1 ||     2
